 Dungeon Sprint DCSS version 0.26-a0-660-gc07710193c (webtiles) character file.

Game seed: 10124855784971307945

20059 mhtbhm the Fencer (level 13, -4/178 HPs)
             Began as a Human Berserker on Oct 5, 2020.
             Was the Champion of Trog.
             Slain by a soul eater (5 damage)
             ... summoned by an orc high priest
             ... in the Dungeon (Sprint IX: "|||||||||||||||||||||||||||||").
             The game lasted 00:03:58 (2529 turns).

mhtbhm the Fencer (Human Berserker)                 Turns: 2529, Time: 00:03:58

Health: -4/178     AC: 19    Str: 22    XL:     13   Next: 9%
Magic:  13/13      EV: 14    Int:  7    God:    Trog [******]
Gold:   1266       SH:  0    Dex: 17    Spells: 12/12 levels left

rFire    . . .     SeeInvis .   a - +2 scimitar (flame)
rCold    . . .     Faith    .   (no shield)
rNeg     . . .     Spirit   .   b - +1 chain mail
rPois    .         Reflect  .   (no helmet)
rElec    .         Harm     .   t - +0 cloak
rCorr    .         Rampage  .   l - +0 pair of gloves
MR       .....     NoTele   +   (no boots)
Stlth    ..........             (no amulet)
HPRegen  0.39/turn              m - +2 ring of protection
MPRegen  0.13/turn              n - +3 ring of dexterity

@: berserking (expiring), lightly drained, very quick
A: no striking features
a: Berserk, Trog's Hand, Brothers in Arms, Renounce Religion


You were in the Dungeon.
You worshipped Trog.
Trog was exalted by your worship.
You visited 1 branch You collected 1266 gold pieces.

Inventory:

Hand Weapons
 a - a +2 scimitar of flaming (weapon)
Armour
 b - a +1 chain mail (worn)
 l - a +0 pair of gloves (worn)
 t - a +0 cloak (worn)
Jewellery
 m - a +2 ring of protection (left hand)
 n - a +3 ring of dexterity (right hand)
Wands
 k - a wand of acid (10)
Scrolls
 h - 4 scrolls of blinking
 j - 4 scrolls of remove curse
 q - 2 scrolls of identify
 r - 2 scrolls of enchant armour
 s - 2 scrolls of enchant weapon
Potions
 c - a potion of invisibility
 d - 2 potions of heal wounds
 e - a potion of haste
 f - 4 potions of magic
 g - 2 potions of berserk rage
 i - 6 potions of curing
 o - a potion of stabbing
Miscellaneous
 p - a lightning rod (4/4)


   Skills:
 + Level 16.7(16.1) Fighting
 + Level 17.9(17.4) Long Blades
 + Level 15.3(14.8) Armour
 + Level 10.1(9.7) Dodging
 + Level 2.4(2.0) Stealth
 + Level 9.0(8.6) Evocations


You had 12 spell levels left.
You didn't know any spells.
Your spell library was empty.

Dungeon Overview and Level Annotations

Branches:
Dungeon (1/1)

Altars:
Cheibriados
Dithmenos
Elyvilon
Fedhas
Gozag
Hepliaklqana
Kikubaaqudgha
Makhleb
Nemelex Xobeh
Okawaru
Qazlal
Ru
Sif Muna
Trog
Uskayaw
Vehumet
Wu Jian
Xom
Yredelemnul
Zin
The Shining One
Beogh
Jiyva
Lugonu

Shops:
D [(*


Message History

The orc knight is heavily wounded.
Unknown command.
You slice the orc knight!! You burn the orc knight!
You kill the orc knight!
Trog accepts your kill.
Your Evocations skill increases to level 9!
The orc high priest prays to Beogh.
You hit the soul eater but do no damage.
Unknown command.
You hit the soul eater but do no damage.
The soul eater draws from the surrounding life force!
* * * LOW HITPOINT WARNING * * *
You hit the soul eater. You burn the soul eater.
The soul eater is lightly wounded.
You closely miss the soul eater.
The soul eater is lightly wounded.
The soul eater hits you!
* * * LOW HITPOINT WARNING * * *
You feel drained.
You die...

▓)▓.▓.▓.▓)▓
▓∩▓.▓.▓.▓.▓
▓)▓.▓†▓.▓.▓
▓(▓.▓.▓.▓)▓
▓4▓.▓.▓.▓?▓
▓4▓.▓†▓.▓.▓
▓o▓.▓†▓.▓'▓
▓3▓.▓)▓.▓_▓
▓@▓.▓÷▓.▓_▓
▓.▓.▓.▓.▓_▓
▓.▓.▓.▓.▓_▓
▓.▓)▓.▓.▓_▓
▓.▓)▓.▓.▓_▓
▓÷▓.▓.▓.▓_▓
▓)▓.▓.▓.▓_▓
▓)▓.▓†▓.▓_▓
▓)▓.▓'▓.▓_▓


You could see a soul eater (summoned), an orc high priest (strong), an orange
demon (summoned) and a red devil (summoned).

Vanquished Creatures
  An ettin (D)
  Josephine (D)
  A hydra (D)
  A centaur warrior (D)
  7 death yaks (D)
  4 orc high priests (D)
  10 orc knights (D)
  An oklob plant (D)
  3 cane toads (D)
  A rime drake (D)
  2 komodo dragons (D)
  A blink frog (D)
  5 wraiths (D)
  3 basilisks (D)
  2 yaks (D)
  A wyvern (D)
  3 water moccasins (D)
  A black bear (D)
  11 orc warriors (D)
  An ogre (D)
  A centaur (D)
  A bullfrog (D)
  A killer bee (D)
  3 orc priests (D)
  3 orc wizards (D)
  4 worker ants (D)
  A gnoll (D)
  An adder zombie (D)
  5 orcs (D)
  A hobgoblin (D)
  2 jackals (D)
  2 bats (D)
  2 frilled lizards (D)
  A kobold (D)
88 creatures vanquished.

Vanquished Creatures (collateral kills)
  An orc knight (D)
1 creature vanquished.

Grand Total: 89 creatures vanquished

Notes
Turn   | Place    | Note
-------+----------+-------------------------------------------
     0 | D        | mhtbhm the Human Berserker began the quest for the Orb.
     0 | D        | Reached XP level 1. HP: 18/18 MP: 1/1
     9 | D        | Reached ** piety under Trog
    54 | D        | Noticed a worker ant
    54 | D        | Noticed a worker ant
    54 | D        | Noticed a centaur
    63 | D        | Killed a centaur
    63 | D        | Reached skill level 5 in Fighting
    63 | D        | Reached skill level 5 in Long Blades
    63 | D        | Reached XP level 2. HP: 18/28 MP: 2/2
    63 | D        | Reached XP level 3. HP: 23/34 MP: 3/3
    63 | D        | Reached XP level 4. HP: 27/40 MP: 4/4
    66 | D        | Reached *** piety under Trog
    66 | D        | Reached skill level 6 in Long Blades
    66 | D        | Reached XP level 5. HP: 18/46 MP: 5/5
   113 | D        | Found a roughly hewn altar of Beogh.
   113 | D        | Found a snail-covered altar of Cheibriados.
   113 | D        | Found a shadowy altar of Dithmenos.
   113 | D        | Found a white marble altar of Elyvilon.
   113 | D        | Found a blossoming altar of Fedhas.
   113 | D        | Found an opulent altar of Gozag.
   114 | D        | Found a hazy altar of Hepliaklqana.
   115 | D        | Found a viscous altar of Jiyva.
   116 | D        | Found an ancient bone altar of Kikubaaqudgha.
   117 | D        | Found a corrupted altar of Lugonu.
   118 | D        | Found a burning altar of Makhleb.
   119 | D        | Found a sparkling altar of Nemelex Xobeh.
   120 | D        | Found an iron altar of Okawaru.
   121 | D        | Found a stormy altar of Qazlal.
   122 | D        | Found a sacrificial altar of Ru.
   123 | D        | Found a shimmering blue altar of Sif Muna.
   124 | D        | Found a bloodstained altar of Trog.
   125 | D        | Found a hide-covered altar of Uskayaw.
   126 | D        | Found a radiant altar of Vehumet.
   127 | D        | Found an ornate altar of the Wu Jian Council.
   128 | D        | Found a shimmering altar of Xom.
   129 | D        | Found a basalt altar of Yredelemnul.
   130 | D        | Found a glowing silver altar of Zin.
   131 | D        | Found a glowing golden altar of the Shining One.
   287 | D        | Noticed a wraith
   287 | D        | Noticed an ogre
   292 | D        | Reached **** piety under Trog
   296 | D        | Killed an ogre
   296 | D        | Reached skill level 7 in Long Blades
   296 | D        | Reached XP level 6. HP: 56/56 MP: 6/6
   297 | D        | Reached skill level 8 in Long Blades
   303 | D        | Killed a wraith
   303 | D        | Reached skill level 9 in Long Blades
   303 | D        | Reached skill level 5 in Dodging
   303 | D        | Reached XP level 7. HP: 63/63 MP: 7/7
   306 | D        | Reached skill level 5 in Armour
   530 | D        | Noticed a wraith
   530 | D        | Noticed a centaur warrior
   530 | D        | Noticed a four-headed hydra
   534 | D        | Killed a one-headed hydra
   534 | D        | Reached ***** piety under Trog
   534 | D        | Reached skill level 10 in Fighting
   534 | D        | Reached skill level 11 in Long Blades
   534 | D        | Reached XP level 8. HP: 74/74 MP: 8/8
   537 | D        | Killed a centaur warrior
   537 | D        | Reached skill level 12 in Long Blades
   537 | D        | Reached XP level 9. HP: 81/81 MP: 9/9
   736 | D        | Noticed a komodo dragon
   736 | D        | Noticed a blink frog
   736 | D        | Noticed a cane toad
   738 | D        | Killed a blink frog
   738 | D        | Reached skill level 13 in Long Blades
   739 | D        | Killed a komodo dragon
   739 | D        | Killed a cane toad
   739 | D        | Received a gift from Trog
   739 | D        | Reached XP level 10. HP: 90/90 MP: 10/10
   841 | D        | Noticed a komodo dragon
   859 | D        | Killed a komodo dragon
   859 | D        | Reached ****** piety under Trog
   859 | D        | Reached skill level 14 in Long Blades
   859 | D        | Reached skill level 1 in Evocations
  1078 | D        | Noticed a rime drake
  1078 | D        | Noticed a cane toad
  1078 | D        | Noticed a cane toad
  1081 | D        | Killed a rime drake
  1081 | D        | Received a gift from Trog
  1081 | D        | Killed a cane toad
  1082 | D        | Noticed an oklob plant
  1083 | D        | Killed a cane toad
  1083 | D        | Reached skill level 10 in Armour
  1129 | D        | Killed an oklob plant
  1129 | D        | Reached skill level 15 in Long Blades
  1329 | D        | Noticed a death yak
  1329 | D        | Noticed a death yak
  1329 | D        | Noticed a death yak
  1329 | D        | Noticed a death yak
  1329 | D        | Noticed a death yak
  1337 | D        | Noticed a death yak
  1341 | D        | Killed a death yak
  1341 | D        | Reached XP level 11. HP: 99/99 MP: 11/11
  1348 | D        | Killed a death yak
  1348 | D        | Received a gift from Trog
  1349 | D        | Noticed a death yak
  1356 | D        | Killed a death yak
  1358 | D        | Reached skill level 16 in Long Blades
  1358 | D        | Killed a death yak
  1358 | D        | Killed a death yak
  1358 | D        | Killed a death yak
  1358 | D        | Killed a death yak
  1358 | D        | Reached skill level 5 in Evocations
  1595 | D        | Noticed Josephine
  1608 | D        | Received a gift from Trog
  1615 | D        | Killed Josephine
  1615 | D        | Reached skill level 15 in Fighting
  1623 | D        | Reached XP level 12. HP: 61/109 MP: 12/12
  1829 | D        | Noticed an ettin
  1835 | D        | Killed an ettin
  1835 | D        | Reached skill level 17 in Long Blades
  1835 | D        | Reached skill level 1 in Stealth
  1840 | D        | Received a gift from Trog
  1853 | D        | Received a gift from Trog
  1854 | D        | Found the +0 sword of Power
  2104 | D        | Noticed an orc high priest
  2108 | D        | Received a gift from Trog
  2111 | D        | Killed an orc high priest
  2114 | D        | Received a gift from Trog
  2408 | D        | Found Qeuruwycs's Assorted Antiques.
  2408 | D        | Noticed an orc high priest
  2408 | D        | Noticed an orc high priest
  2415 | D        | Killed an orc high priest
  2415 | D        | Reached skill level 10 in Dodging
  2425 | D        | Killed an orc high priest
  2426 | D        | Found Vawezogym's Weapon Shop.
  2430 | D        | Received a gift from Trog
  2431 | D        | Noticed an orc high priest
  2434 | D        | Found Loos's Armour Boutique.
  2443 | D        | Killed an orc high priest
  2443 | D        | Reached skill level 15 in Armour
  2443 | D        | Reached XP level 13. HP: 55/119 MP: 13/13
  2446 | D        | HP: 4/119 [orc knight/bolt (17)]
  2518 | D        | Received a gift from Trog
  2529 | D        | HP: 1/178 [soul eater[an orc high priest] (14)]
  2529 | D        | Slain by a soul eater

Illustrated notes

Levels and vault maps discovered:
D:        linesprint [early_d, line_temple, items_1, d_10, items_2, lair_1,
          lair_end, items_3, orc_1, orc_end, items_4, d_15, swamp_1, shoals_1,
          snake_1, spider_1, d_20, vaults_1, items_5, swamp_end, shoals_end,
          snake_end, spider_end, vaults_end, d_27, items_6, zot_1, zot_end,
          crypt_end, forest_end, elf_end, slime_end, tomb_end, abyss_end,
          pan_hell_end]

Skill      XL: |  1  2  3  4  5  6  7  8  9 10 11 12 13 |
---------------+----------------------------------------+-----
Fighting       | 5 6 7 8 10 11 12 13 15 16 | 16.7
Long Blades    | 5 6 7 9 11 12 13 15 16 17 | 17.9
Armour         | 3 4 6 7 8 10 13 15 | 15.3
Dodging        | 3 4 5 7 8 9 10 | 10.1
Evocations     | 3 5 8 9 |  9.0
Stealth        | 2 |  2.4

Action                   |  1- 3 |  4- 6 |  7- 9 | 10-12 | 13-15 || total
-------------------------+-------+-------+-------+-------+-------++-------
Melee: Falchion          |    17 |    14 |       |       |       ||    31
       Scimitar          |       |    14 |    23 |   150 |    16 ||   203
Invok: Berserk           |     1 |     1 |     1 |     6 |     1 ||    10
       Brothers in Arms  |       |       |       |       |     1 ||     1
Evoke: Lightning rod     |       |       |     2 |    26 |     1 ||    29
  Use: Potion            |       |     2 |       |       |       ||     2
Armor: Animal skin       |     5 |     3 |       |       |       ||     8
       Chain mail        |       |     3 |     7 |    26 |       ||    36
Dodge: Dodged            |    11 |    11 |    11 |    67 |     2 ||   102
       Rpst.: Falchion   |     3 |     2 |       |       |       ||     5
       Scimitar          |       |     1 |     2 |    17 |     1 ||    21

Table legend: (Time is in decaauts)
 A = Elapsed time spent in this place.
 B = Non-inter-level travel time spent in this place.
 C = Inter-level travel time spent in this place.
 D = Time resting spent in this place.
 E = Time spent auto-exploring this place.
 F = Levels seen in this place.
 G = Mean time per level.
                   A        B        C        D        E       F      G
               +--------+--------+--------+--------+--------+-----+--------+
         Total |   2544 |   2544 |      0 |   1743 |    179 |   1 | 2544.0 |
       Dungeon |   2544 |   2544 |      0 |   1743 |    179 |   1 | 2544.0 |
               +--------+--------+--------+--------+--------+-----+--------+

Top non-repeatable levels by time:
       D: 2544 daAuts
